 Dungeon Crawl Stone Soup version 0.30.1-9-gdf580d7c3d (webtiles) character file.

Game seed: 851902216383457451

60 lonewolfV2 the Magician (level 4, -11/31 HPs)
             Began as a Djinni Fire Elementalist on Oct 17, 2023.
             Killed by an exploding adder (12 damage)
             ... ignited by their inner flame
             ... on level 3 of the Dungeon.
             The game lasted 00:08:28 (2334 turns).

lonewolfV2 the Magician (Djinni Fire Elementalist)  Turns: 2334, Time: 00:08:29

Health: -11/31     AC:  3    Str:  7    XL:     4   Next: 24%
Gold:   49         EV: 12    Int: 18    God:
                   SH:  0    Dex: 14

rFire   + + .        (no weapon)
rCold   x . .        (no shield)
rNeg    . . .        a - +0 robe
rPois   ∞            (no helmet)
rElec   .            (no cloak)
rCorr   .            g - +0 pair of gloves
SInv    .            (boots unavailable)
Will    .....        (no amulet)
Stlth   ++           (no ring)
HPRegen 0.25/turn    (no ring)
MPRegen 0.00/turn

%: infuse magic (-12 HP)
@: flying, very slightly contaminated
A: sickness immunity, fire resistance 2, cold vulnerability 1, float, innate
caster, HP casting, extra vitality 1
a: no special abilities


You were on level 3 of the Dungeon.
You visited 1 branch of the dungeon, and saw 3 of its levels.

You collected 49 gold pieces.

Inventory:

Armour
 a - a +0 robe (worn)
 g - a +0 pair of gloves (worn)
Scrolls
 h - 2 scrolls of identify
 i - a scroll of fog {unknown}
 j - a scroll of blinking {unknown}
 k - a scroll of teleportation {unknown}
Potions
 b - a potion of flight {unknown}
 c - a potion of brilliance {unknown}
 d - 2 potions of curing
 e - a potion of lignification {unknown}
 f - a potion of heal wounds {unknown}


   Skills:
 - Level 2.8 Dodging
 - Level 2.2 Stealth
 + Level 3.2 Spellcasting


You knew the following spells:

 Your Spells              Type           Power      Damage    Failure   Level
a - Foxfire               Conj/Fire      56%        2x1d6     4%          1
b - Scorch                Fire           28%        2d6       6%          2
c - Volatile Blastmotes   Fire/Tloc      28%        2d12      13%         3
d - Inner Flame           Hex/Fire       14%        N/A       13%         3
e - Flame Wave            Conj/Fire      14%        2d6       38%         4
f - Shock                 Conj/Air       56%        1d6       4%          1
Your spell library was empty.

Dungeon Overview and Level Annotations

Branches:
Dungeon (3/15)

Altars:


Innate Abilities, Weirdness & Mutations

You are immune to sickness and miasma.
You are immune to poison.
Your flesh is very heat resistant. (rF++)
You are vulnerable to cold. (rC-)
You float through the air rather than walking.
You learn spells naturally, not from books.
Your magical power is your life essence.
You have superior vitality. (+4 MHP)


Message History

* * * LOW HITPOINT WARNING * * *
You hit the adder but do no damage.
The adder is moderately wounded.
The adder barely misses you.
Casting: Foxfire (safe; 4% risk of failure)
Confirm with . or Enter, or press ? or * to list all spells.
The spell is quite dangerous to miscast (13% risk of failure)!
Continue anyway?
Aiming: Inner Flame (quite dangerous; 13% risk of failure)
Press: ? - help, Dir - move target, f - adder
Aim: an adder (moderately wounded, chance to affect: 75%)
You miscast Inner Flame.
You are very lightly contaminated with residual magic.
Nothing appears to happen.
* * * LOW HITPOINT WARNING * * *
The adder barely misses you. The adder closely misses you.
Casting: Inner Flame (quite dangerous; 13% risk of failure)
Confirm with . or Enter, or press ? or * to list all spells.
The spell is quite dangerous to miscast (13% risk of failure)!
Continue anyway?
Aiming: Inner Flame (quite dangerous; 13% risk of failure)
Press: ? - help, Dir - move target, f/p - adder
Aim: an adder (moderately wounded, chance to affect: 75%)
The adder is filled with an inner flame.
* * * LOW HITPOINT WARNING * * *
The adder bites you.
* * * LOW HITPOINT WARNING * * *
Casting: Inner Flame (quite dangerous; 13% risk of failure)
Confirm with . or Enter, or press ? or * to list all spells.
Okay, then.
Casting: Inner Flame (quite dangerous; 13% risk of failure)
Confirm with . or Enter, or press ? or * to list all spells.
You don't have enough health to cast this spell.
Casting: Inner Flame (quite dangerous; 13% risk of failure)
Confirm with . or Enter, or press ? or * to list all spells.
You don't have enough health to cast this spell.
You hit the adder.
Flame seeps out of the adder.
The adder is moderately wounded.
The adder is engulfed in blazing flames.
The adder explodes!
The fiery explosion engulfs you! You resist.
You die...

##+# ## .#.##..# .#
.......# ..#
.#<##########.####
...#.............#
.##........... #.#
.#.#...###..####.#######
..###..##..............#
.# ##.........#@# #
#........#.#○#
#.#.........§g#
#.#########.#### #.
..... # #....(# #.....#
#.....# #$....#


You could see a hobgoblin.

Vanquished Creatures
  2 adders
  2 dart slugs
  5 endoplasms
  4 giant cockroaches
  A goblin (D:1)
  6 hobgoblins
  4 jackals (D:2)
  6 ball pythons
  6 bats
  2 frilled lizards
  3 kobolds
  4 rats
45 creatures vanquished.

Vanquished Creatures (collateral kills)
  3 foxfires (D:1)
3 creatures vanquished.

Vanquished Creatures (others)
  67 foxfires
67 creatures vanquished.

Grand Total: 115 creatures vanquished

Notes
Turn   | Place    | Note
-------+----------+-------------------------------------------
     0 | D:1      | lonewolfV2 the Djinni Fire Elementalist began the quest for
                  | the Orb.
     0 | D:1      | lonewolfV2 set off with the following spells memorised:
                  | Foxfire, Scorch, Volatile Blastmotes, Inner Flame, Flame
                  | Wave.
     0 | D:1      | Reached XP level 1. HP: 15/15 MP: 0/0
   179 | D:1      | Reached XP level 2. HP: 18/21 MP: 0/0
   626 | D:1      | Reached XP level 3. HP: 5/25 MP: 0/0
   626 | D:1      | Learned a level 1 spell: Shock
  1164 | D:1      | Found a faded altar of an unknown god.
  1656 | D:2      | Reached skill level 3 in Spellcasting
  1790 | D:2      | Reached XP level 4. HP: 3/31 MP: 0/0
  2333 | D:3      | HP: 1/31 [adder (2)]
  2334 | D:3      | Killed by an exploding adder... ignited by their inner
                  | flame

Illustrated notes

Levels and vault maps discovered:
D:1:      sevenhm_arrival_forest_fort_large_2, layout_rooms,
          chequers_ecumenical_altar_grove, serial_bayou, serial_bayou_lagoon_a,
          serial_bayou_shore_b, serial_bayou_pond_d, serial_bayou_pond_d
D:2:      layout_basic, uniq_crazy_yiuf_cottage
D:3:      layout_loops_cross, mainiacjoe_overflow_24_doors,
          mainiacjoe_overflow_alcove_4, gammafunk_ghost_smash,
          pf_guarded_unrand_woodcutter, uniq_sigmund, uniq_natasha

Skill      XL: |  1  2  3 |
---------------+----------+-----
Stealth        | 2 |  2.2
Spellcasting   | 3 |  3.2
Dodging        | |  2.8

Action                     |  1- 3 |  4- 6 || total
---------------------------+-------+-------++-------
  Melee: Unarmed           |     6 |    41 ||    47
   Cast: Foxfire           |    46 |     5 ||    51
         Shock             |    25 |     1 ||    26
         Inner Flame       |     3 |     2 ||     5
         Scorch            |     3 |       ||     3
         Volatile Blastmot |     2 |       ||     2
    Use: Scroll            |     3 |       ||     3
 Armour: Robe              |    10 |    15 ||    25
  Dodge: Dodged            |    49 |    20 ||    69
